 Dungeon Crawl Stone Soup version 0.25-a0-647-gd602d06ee1 (webtiles) character file.

Game seed: 1066017710255569658, levelgen mode: deterministic

2225 Esekla the Sneak (level 9, -3/58 HPs)
             Began as an Octopode Venom Mage on Mar 22, 2020.
             Was an Elder of Lugonu.
             Slain by a wyvern (10 damage)
             ... on level 8 of the Dungeon.
             The game lasted 00:53:07 (9339 turns).

Esekla the Sneak (Octopode Venom Mage)              Turns: 9339, Time: 00:53:08

Health: -3/58      AC:  1    Str:  9    XL:     9   Next: 35%
Magic:  6/15       EV: 15    Int: 19    God:    Lugonu [****..]
Gold:   319        SH:  0    Dex: 12    Spells: 7/16 levels left

rFire    . . .     SeeInvis .   k - +2 dagger (speed)
rCold    + . .     Gourm    .   (no shield)
rNeg     . . .     Faith    .   (helmet restricted)
rPois    .         Spirit   .   (no amulet)
rElec    .         Reflect  .   q - ring of protection from cold
rCorr    +         Harm     .   A - ring of resist corrosion
MR       .....                  (no ring)
Stlth    ++++......             (no ring)
HPRegen  0.19/turn              (no ring)
MPRegen  0.14/turn              (no ring)
                                (no ring)
                                (no ring)

@: hasted, very quick
A: almost no armour, stealthy swim, amphibious, 8 rings, constrict 8, camouflage
1, gelatinous body 1
a: Depart the Abyss, Bend Space, Banish, Corrupt, Renounce Religion


You were on level 8 of the Dungeon.
You worshipped Lugonu.
Lugonu was greatly pleased with you.
You were not hungry.

You visited 2 branches of the dungeon, and saw 9 of its levels.
You also visited: Sewer.

You collected 319 gold pieces.

Inventory:

Hand Weapons
 f - a +1 vorpal hunting sling
 k - a +2 dagger of speed (weapon)
 p - a +2 spear of venom
 y - a +0 falchion
 B - the +6 spear of Iniuj {drain, rElec Int+2}
   (You found it on level 4 of the Dungeon)

   A truly terrible weapon, it drains the life of those it strikes.
   It affects your intelligence (+2).
   It insulates you from electricity.
Missiles
 j - 6 poisoned darts (quivered)
 o - 2 boomerangs
Jewellery
 q - a ring of protection from cold (left tentacle)
 A - a ring of resist corrosion (right tentacle)
Wands
 m - a wand of iceblast (10)
 F - a wand of flame (27)
Scrolls
 c - 4 scrolls of fear {unknown}
 d - 2 scrolls of enchant armour {unknown}
 e - 2 scrolls of identify
 h - 4 scrolls of immolation {unknown}
 i - a scroll of amnesia {unknown}
 l - a scroll of enchant weapon {unknown}
 n - 3 scrolls of magic mapping {unknown}
 s - 2 scrolls of remove curse {unknown}
 u - 2 scrolls of blinking {unknown}
 v - 5 scrolls of teleportation {unknown}
 C - a scroll of fog {unknown}
 E - 2 scrolls of noise {unknown}
Potions
 a - 5 potions of curing
 g - 3 potions of lignification
 r - 2 potions of magic
 t - 3 potions of flight
 w - a potion of brilliance {unknown}
 x - a potion of haste
 z - a potion of cancellation {unknown}
 G - a potion of invisibility {unknown}
 H - 2 potions of mutation {unknown}
Comestibles
 b - 12 rations


   Skills:
 * Level 3.9 Fighting
 + Level 2.6 Short Blades
 + Level 0.7 Throwing
 * Level 4.9 Dodging
 + Level 6.8 Stealth
 * Level 4.3 Spellcasting
 * Level 3.2 Conjurations
 - Level 1.0 Transmutations
 * Level 3.0 Fire Magic
 * Level 4.2 Air Magic
 + Level 5.2 Poison Magic
 * Level 2.6 Invocations


You had 7 spell levels left.
You knew the following spells:

 Your Spells              Type           Power        Failure   Level  Hunger
a - Sting                 Tmut/Pois      ###.         3%          1    None
c - Mephitic Cloud        Conj/Pois/Air  ###.....     7%          3    ###....
f - Conjure Flame         Conj/Fire      ###.....     11%         3    ###....
v - Poisonous Vapours     Pois/Air       ###...       3%          2    #......

Your spell library contained the following spells:

 Spells                   Type           Power        Failure   Level  Hunger
 Magic Dart               Conj           ###.         3%          1    None
 Ignite Poison            Fire/Tmut/Pois ###.....     11%         3    ###....
 Olgreb's Toxic Radiance  Pois           ###.....     16%         4    ####...
 Blink                    Tloc           N/A          21%         2    #......
 Call Imp                 Summ           #.......     21%         2    #......
 Slow                     Hex            #.......     21%         2    #......


Dungeon Overview and Level Annotations

Branches:
Dungeon (8/15)             Temple (1/1) D:7           Sewer (visited)
   Lair: D:8-11

Altars:
Ashenzari
Cheibriados
Dithmenos
Elyvilon
Fedhas
Gozag
Kikubaaqudgha
Makhleb
Nemelex Xobeh
Okawaru
Qazlal
Ru
Sif Muna
Uskayaw
Vehumet
Wu Jian
Xom
Yredelemnul
Zin
The Shining One
Lugonu

Shops:
D:4 (


Innate Abilities, Weirdness & Mutations

You cannot wear most types of armour.
You are very stealthy in the water. (Stealth+)
You are amphibious.
You can wear up to eight rings at the same time.
You can use your tentacles to constrict eight enemies at once.
Your skin changes colour to match your surroundings (Stealth+).
Your rubbery body absorbs attacks. (AC +1, EV +1)


Message History

Space bends around you!
You blink.
A killer bee comes into view. x2
The killer bee moves out of view.
Found a smoky cyan potion.
Casting: Poisonous Vapours (safe; 3% risk of failure)
Confirm with . or Enter, or press ? or * to list all spells.
Aiming: Poisonous Vapours (safe; 3% risk of failure)
Press: ? - help, Dir - move target cursor, f - killer bee
Aim: a killer bee (hasn't noticed you) Poisonous vapours surround the killer bee!
The killer bee buzzes angrily.
You hear an angry buzzing noise. x2
A killer bee comes into view.
The killer bee is engulfed in poison gas.
The killer bee is poisoned.
The killer bee is engulfed in poison gas.
The killer bee is poisoned.
You feel yourself speed up.
A killer bee comes into view.
The wyvern bites you!
You die...

............
##.........yy .#
...........y
...#...........
#.........y.....
#.........!....
#..............
##...@# .#
......#l# #.#
...##...###..# .
#.......#
###.....#
#.(...# #
###...# .C #.C.#
##.####...#


You could see a wyvern and 4 killer bees.

Vanquished Creatures
  Pikel (D:4)
  Grinder (D:6)
  A hippogriff (D:7)
  Menkaure (D:4)
  An orc warrior (D:7)
  2 centaurs
  2 howler monkeys (D:6)
  3 crimson imps
  2 hounds
  5 orc priests
  A centaur skeleton (D:5)
  6 orc wizards
  Terence (D:2)
  An iguana (D:2)
  3 worker ants
  Robin (D:2)
  5 adders
  4 gnolls (D:3)
  A howler monkey skeleton (D:4)
  A river rat (Sewer)
  4 shadow imps
  8 dart slugs
  9 leopard geckos
  30 orcs
  4 ball pythons
  5 giant cockroaches
  19 goblins
  8 hobgoblins
  4 jackals (D:2)
  5 quokkas
  7 bats
  11 frilled lizards
  12 kobolds
  A leopard gecko skeleton (D:4)
  A quokka skeleton (D:4)
  A quokka zombie (D:7)
  15 rats
  A plant (D:3)
188 creatures vanquished.

Vanquished Creatures (others)
  An adder (D:5)
  A worm (D:5)
  3 orcs (D:5)
  A jackal zombie (D:5)
6 creatures vanquished.

Grand Total: 194 creatures vanquished

Notes
Turn   | Place    | Note
-------+----------+-------------------------------------------
     0 | D:1      | Esekla the Octopode Venom Mage began the quest for the Orb.
     0 | D:1      | Reached XP level 1. HP: 11/11 MP: 3/3
   256 | D:1      | Reached XP level 2. HP: 12/18 MP: 3/5
   266 | D:1      | Learned a level 2 spell: Poisonous Vapours
   990 | D:1      | Reached XP level 3. HP: 22/22 MP: 6/6
  1062 | D:1      | Learned a level 3 spell: Mephitic Cloud
  1125 | D:1      | Reached skill level 1 in Fighting
  1332 | D:2      | Reached skill level 1 in Air Magic
  1368 | D:2      | Found an iron altar of Okawaru.
  1390 | D:2      | Reached skill level 3 in Stealth
  1575 | D:2      | Reached XP level 4. HP: 20/29 MP: 4/7
  2192 | D:2      | Noticed Robin
  2203 | D:2      | Killed Robin
  2212 | D:2      | Reached XP level 5. HP: 17/34 MP: 0/8
  2283 | D:2      | Noticed Terence
  2727 | D:3      | Reached XP level 6. HP: 31/39 MP: 0/10
  3251 | D:3      | Found a faded altar of an unknown god.
  3288 | D:3      | Became a worshipper of Lugonu the Unformed
  3288 | D:3      | Reached * piety under Lugonu
  3288 | D:3      | Reached ** piety under Lugonu
  3620 | D:3      | Found a glowing silver altar of Zin.
  3620 | D:3      | Found a burning altar of Makhleb.
  3633 | D:3      | Found a shimmering blue altar of Sif Muna.
  3635 | D:3      | Found a shimmering altar of Xom.
  3636 | D:3      | Found a sparkling altar of Nemelex Xobeh.
  3828 | D:3      | Reached skill level 4 in Stealth
  4130 | D:4      | Reached skill level 1 in Conjurations
  4143 | D:4      | Noticed Menkaure
  4496 | D:4      | Found a blossoming altar of Fedhas.
  5047 | D:2      | Learned a level 3 spell: Conjure Flame
  5131 | D:2      | Killed Terence
  5131 | D:2      | Reached skill level 1 in Short Blades
  5337 | D:4      | Killed Menkaure
  5337 | D:4      | Reached XP level 7. HP: 20/45 MP: 11/11
  5502 | D:4      | Found Maukleso's Weapon Boutique.
  5674 | D:4      | Got an iridescent spear
  5684 | D:4      | Identified the +6 spear of Iniuj {drain, rElec Int+2} (You
                  | found it on level 4 of the Dungeon)
  5813 | D:5      | Entered Level 5 of the Dungeon
  5858 | D:5      | Found a glowing drain.
  5862 | Sewer    | Entered a sewer
  6109 | Sewer    | Reached *** piety under Lugonu
  6188 | D:5      | Reached skill level 5 in Stealth
  6188 | D:5      | Reached skill level 1 in Fire Magic
  6227 | D:5      | Noticed Pikel
  6247 | D:4      | Killed Pikel
  6247 | D:4      | Reached skill level 6 in Stealth
  6247 | D:4      | Reached skill level 1 in Invocations
  6247 | D:4      | Reached XP level 8. HP: 23/52 MP: 1/13
  6850 | D:6      | Noticed Grinder
  7104 | D:6      | Reached skill level 5 in Poison Magic
  7160 | D:6      | Killed Grinder
  7197 | D:6      | Reached XP level 9. HP: 45/58 MP: 6/15
  7635 | D:7      | Reached **** piety under Lugonu
  7927 | D:7      | Found a staircase to the Ecumenical Temple.
  7952 | D:7      | Found a stormy altar of Qazlal.
  8149 | Temple   | Entered the Ecumenical Temple
  9315 | D:8      | Noticed a cyclops
  9339 | D:8      | Slain by a wyvern

Levels and vault maps discovered:
D:1:      grunt_arrival_lava_bath, layout_basic, minmay_misc_feat_columns,
          minmay_pentomino_x2
D:2:      layout_loops_cross, lemuel_doored_altar, first_ration, uniq_robin,
          uniq_terence
D:3:      wad_woods_pond, layout_basic, chequers_temple_overflow_minitemple,
          chequers_ecumenical_altar_simple
D:4:      layout_layer_cave, lemuel_crystal_altar, serial_shops, shop,
          minivault_25, uniq_menkaure
D:5:      layout_basic, gup_sewer_entry_bowl, uniq_pikel
D:6:      layout_rooms, chequers_serial_rivers_small_a,
          kennysheep_generic_room_11, uniq_grinder
D:7:      layout_basic, grunt_qazlal_clouds, minmay_temple_entry_junction
D:8:      layout_rooms, nicolae_overflow_crystal_walls
Temple:   minmay_temple_forest_path

Skill      XL: |  1  2  3  4  5  6  7  8  9 |
---------------+----------------------------+-----
Fighting       | 1 2 3 |  3.9
Air Magic      | 1 2 3 4 |  4.2
Poison Magic   | 4 5 |  5.2
Stealth        | 3 4 6 |  6.8
Spellcasting   | 3 4 |  4.3
Conjurations   | 1 2 3 |  3.2
Short Blades   | 1 2 |  2.6
Dodging        | 3 4 |  4.9
Fire Magic     | 2 3 |  3.0
Invocations    | 1 2 |  2.6
Throwing       | |  0.7
Transmutations | |  1.0

Action                   |  1- 3 |  4- 6 |  7- 9 || total
-------------------------+-------+-------+-------++-------
Melee: Dagger            |    70 |   146 |   138 ||   354
       Unarmed           |     4 |       |       ||     4
       Constrict         |    16 |    38 |    24 ||    78
       Tentacles         |    15 |    31 |    23 ||    69
Throw: Dart              |     2 |    10 |    10 ||    22
 Cast: Sting             |     5 |       |       ||     5
       Poisonous Vapours |    11 |    32 |    32 ||    75
       Mephitic Cloud    |       |     2 |    11 ||    13
Invok: Bend Space        |       |     1 |     3 ||     4
  Use: Scroll            |       |     3 |     4 ||     7
       Potion            |       |       |     2 ||     2
 Stab: Sleeping          |     9 |    13 |    22 ||    44
       Confused          |       |     1 |     4 ||     5
  Eat: Chunk             |     2 |    10 |     9 ||    21
       Ration            |       |     1 |     2 ||     3
Armor: Skin              |     4 |     2 |     2 ||     8
Dodge: Dodged            |    38 |    47 |    45 ||   130

Table legend:
 A = Non-vault XP
 B = Vault XP
 C = Vault XP percentage of total XP
 D = Non-vault monster count
 E = Vault monster count
 F = Vault count percentage of total count
                 A         B        C        D         E       F
            +---------+---------+-------+---------+---------+-------
      Total |    1956 |    1223 |  38.5 |     148 |      39 |  20.9
            +---------+---------+-------+---------+---------+-------
        D:1 |      35 |       6 |  14.6 |      25 |       2 |   7.4
        D:2 |     182 |      72 |  28.3 |      40 |      13 |  24.5
        D:3 |     136 |       1 |   0.7 |      22 |       1 |   4.3
        D:4 |     138 |     820 |  85.6 |      10 |       2 |  16.7
        D:5 |     304 |       9 |   2.9 |      13 |       4 |  23.5
        D:6 |     374 |     272 |  42.1 |      18 |       1 |   5.3
        D:7 |     776 |       0 |   0.0 |      19 |       0 |   0.0
        D:8 |      11 |       0 |   0.0 |       1 |       0 |   0.0
      Sewer |       0 |      43 | 100.0 |       0 |      16 | 100.0
            +---------+---------+-------+---------+---------+-------
